 Dungeon Crawl Stone Soup version 0.27-a0-1200-g94dc6ad4cf (console) character file.

Game seed: 9289801273907613235

2337 jejorda2 the Carver (level 9, -4/103 HPs)
             Began as a Merfolk Berserker on May 31, 2021.
             Was an Elder of Trog.
             Slain by an orc warrior
             ... wielding a +1 long sword of electrocution
              (15 damage)
             ... on level 6 of the Dungeon.
             The game lasted 00:19:13 (6646 turns).

jejorda2 the Carver (Merfolk Berserker)             Turns: 6646, Time: 00:19:17

Health: -4/103     AC: 19    Str: 24    XL:     9   Next: 42%
Magic:  0/9        EV:  9    Int:  7    God:    Trog [****..]
Gold:   125        SH:  0    Dex: 20    Spells: 8/8 levels left

rFire    . . .     SeeInvis .   a - +2 dagger (elec)
rCold    + . .     Faith    .   (no shield)
rNeg     . . .     Spirit   +   v - +0 chain mail
rPois    .         Reflect  .   h - +0 helmet
rElec    .         Harm     .   D - +2 cloak {rCorr}
rCorr    +         Rampage  .   q - +1 pair of gloves
Will     ++...                  g - +2 pair of boots "Summodwi" {Str+4 Dex+7}
Stlth    ..........             l - amulet of guardian spirit
HPRegen  1.27/turn              z - ring of protection from cold
MPRegen  0.11/turn              (no ring)

@: berserking, strong-willed (expiring), regenerating (expiring), very quick
A: (nimble swimmer 2), mertail
a: Renounce Religion, Berserk, Trog's Hand, Brothers in Arms


You were on level 6 of the Dungeon.
You worshipped Trog.
Trog was greatly pleased with you.
You visited 1 branch of the dungeon, and saw 6 of its levels.
You also visited: Ossuary.

You collected 125 gold pieces.

Inventory:

Hand Weapons
 a - a +2 dagger of electrocution (weapon)
 b - a +0 falchion
Missiles
 i - 42 poisoned darts (quivered)
 w - 3 throwing nets
Armour
 g - the +2 pair of boots "Summodwi" (worn) {Str+4 Dex+7}
   (You acquired it on level 4 of the Dungeon)

   It affects your strength (+4).
   It affects your dexterity (+7).
 h - a +0 helmet (worn)
 q - a +1 pair of gloves (worn)
 v - a +0 chain mail (worn)
 x - a +0 kite shield
 D - a +2 cloak of preservation (worn)
Jewellery
 l - an amulet of guardian spirit (around neck)
 z - a ring of protection from cold (left hand)
Wands
 p - a wand of polymorph (4)
 E - a wand of flame (21)
Scrolls
 t - a scroll of fog
 B - a scroll of summoning
 C - a scroll of teleportation
Potions
 d - a potion of resistance {unknown}
 e - 3 potions of mutation
 f - 2 potions of invisibility {unknown}
 j - 7 potions of curing
 k - 2 potions of ambrosia
 m - a potion of brilliance {unknown}
 n - 2 potions of heal wounds
 o - 2 potions of lignification
 r - a potion of cancellation {unknown}
 u - 4 potions of flight
 A - a potion of haste {unknown}
 F - a potion of attraction {unknown}


   Skills:
 - Level 6.0 Fighting
 * Level 7.3(9.7) Short Blades
 * Level 9.2(10.1) Long Blades
 + Level 4.4 Armour
 - Level 2.6 Dodging


You had 8 spell levels left.
You didn't know any spells.
Your spell library was empty.

Dungeon Overview and Level Annotations

Branches:
Dungeon (6/15)             Temple (0/1) D:4         Ossuary (visited)

Altars:
Nemelex Xobeh
Okawaru

Annotations:
D:2 Dig islands


Innate Abilities, Weirdness & Mutations

((You are quick and stealthy near water. (Stealth+, EV+, Speed+++)))
Your lower body shifts to a powerful aquatic tail in water.


Message History

You feel strong-willed. Trog will no longer gift you weapons.
An orc comes into view. It is wielding a +0 flail.
Found a rapier and a dagger.
A black bear comes into view.
The black bear growls angrily.
Something hits you.
The orc warrior hits you with a +1 long sword of electrocution.
You are electrocuted!
You barely miss the orc warrior.
An orc comes into view. It is wielding a +0 hand axe.
The orc shouts!
You hit the orc warrior but do no damage.
Something hits you.
The orc warrior hits you with a +1 long sword of electrocution!
You closely miss the orc warrior. Something hits you.
You hit the orc warrior but do no damage.
The orc warrior hits you with a +1 long sword of electrocution.
You are electrocuted!!
You closely miss the orc warrior. Something hits you but does no damage.
The orc warrior hits you with a +1 long sword of electrocution.
* * * LOW HITPOINT WARNING * * *
You are electrocuted!
* * * LOW HITPOINT WARNING * * *
You closely miss the orc warrior.
You feel the effects of Trog's Hand fading.
You barely miss the orc warrior. Something hits you but does no damage.
The orc warrior completely misses you.
You barely miss the orc warrior. You hit the orc warrior.
The orc warrior is lightly wounded.
Something hits you but does no damage.
The orc warrior hits you but does no damage.
A red film seems to cover your vision as you go berserk!
You feel yourself moving faster!
You feel mighty! Something hits you.
* * * LOW HITPOINT WARNING * * *
The orc warrior hits you with a +1 long sword of electrocution.
* * * LOW HITPOINT WARNING * * *
You are electrocuted!
You die...

#..#..#..####
##...........#####
....#..##.##......
#..#.##.##..^... #
#.............# #.
####..#.##....# #).
#....##.#..#
###.hF######..........##
.)..o{o@.........#.#..>#
###############.#...#..#
#........# ###....#.#
#.#.##.# #.#.##.# .
#..#.# #####.#.#
#))......


You could see an orc warrior, a black bear, a bullfrog and an orc.

Vanquished Creatures
  Pikel (D:5)
  Sigmund (D:4)
  Menkaure (Ossuary)
  A water moccasin (D:5)
  An ice beast (D:6)
  A sky beast (D:6)
  A black bear (D:5)
  An ogre (D:3)
  A scorpion (D:5)
  2 wyvern zombies
  A water moccasin skeleton (D:5)
  A bullfrog zombie (D:6)
  3 orc priests
  Crazy Yiuf (D:5)
  A gnoll shaman (D:5)
  4 hounds
  Jessica (D:3)
  2 iguanas
  Ijyb (D:5)
  5 orc wizards
  A hound skeleton (D:5)
  3 mummies (Ossuary)
  Robin (D:3)
  13 gnolls
  2 adders
  An ufetubus (D:5)
  An adder skeleton (D:5)
  A worm (D:2)
  2 dart slugs
  18 orcs
  6 endoplasms
  3 giant cockroaches
  5 gnoll zombies (Ossuary)
  5 hobgoblins
  4 jackals (D:5)
  2 quokkas
  6 ball pythons
  4 bats
  A frilled lizard (D:2)
  6 gnoll skeletons (Ossuary)
  24 goblins
  A goblin skeleton (Ossuary)
  6 goblin zombies (Ossuary)
  A hobgoblin skeleton (Ossuary)
  2 hobgoblin zombies (Ossuary)
  13 kobolds
  6 kobold skeletons (Ossuary)
  5 kobold zombies (Ossuary)
  6 orc skeletons (Ossuary)
  3 orc zombies (Ossuary)
  7 rats
  A rat skeleton (Ossuary)
  4 rat zombies (Ossuary)
195 creatures vanquished.

Vanquished Creatures (others)
  2 goblin skeletons (Ossuary)
  A kobold skeleton (Ossuary)
  A rat skeleton (Ossuary)
  A plant (D:5)
5 creatures vanquished.

Grand Total: 200 creatures vanquished

Notes
Turn   | Place    | Note
-------+----------+-------------------------------------------
     0 | D:1      | jejorda2 the Merfolk Berserker began the quest for the Orb.
     0 | D:1      | Reached XP level 1. HP: 18/18 MP: 1/1
   398 | D:1      | Reached XP level 2. HP: 24/24 MP: 2/2
   789 | D:2      | Reached skill level 4 in Long Blades
   789 | D:2      | Reached XP level 3. HP: 30/30 MP: 3/3
  1330 | D:2      | Reached XP level 4. HP: 37/37 MP: 4/4
  1811 | D:3      | Noticed Jessica
  1818 | D:3      | Killed Jessica
  1832 | D:3      | Reached ** piety under Trog
  1879 | D:3      | Noticed an ogre
  1886 | D:3      | Killed an ogre
  1887 | D:3      | Reached skill level 5 in Long Blades
  1887 | D:3      | Reached XP level 5. HP: 39/43 MP: 2/5
  2382 | D:3      | Found a faded altar of an unknown god.
  2399 | D:3      | Found a sparkling altar of Nemelex Xobeh.
  2399 | D:3      | Found an iron altar of Okawaru.
  2441 | D:3      | Reached XP level 6. HP: 40/49 MP: 2/6
  2817 | D:3      | Noticed Robin
  2823 | D:3      | Killed Robin
  3289 | D:4      | Reached skill level 6 in Long Blades
  3301 | D:4      | Identified a scroll of acquirement
  3301 | D:4      | Acquired the +2 pair of boots "Summodwi" {Str+4 Dex+7}
  3460 | D:4      | Reached skill level 5 in Fighting
  3609 | D:4      | Reached XP level 7. HP: 56/56 MP: 7/7
  3625 | D:4      | Noticed Sigmund
  3787 | D:4      | Killed Sigmund
  3788 | D:4      | Reached skill level 1 in Short Blades
  4071 | D:4      | Found a staircase to the Ecumenical Temple.
  4112 | D:5      | Entered Level 5 of the Dungeon
  4112 | D:5      | Noticed Ijyb
  4301 | D:5      | Reached *** piety under Trog
  4342 | D:5      | Reached skill level 7 in Long Blades
  4483 | D:5      | Reached XP level 8. HP: 62/63 MP: 8/8
  4513 | D:5      | Noticed Pikel
  4540 | D:5      | Killed Pikel
  4541 | D:5      | Reached skill level 5 in Short Blades
  4541 | D:5      | Reached skill level 8 in Long Blades
  4636 | D:5      | Found a sand-covered staircase.
  4643 | Ossuary  | Entered an ossuary
  4910 | Ossuary  | Reached **** piety under Trog
  5085 | Ossuary  | Noticed Menkaure
  5086 | Ossuary  | Killed Menkaure
  5087 | Ossuary  | Reached XP level 9. HP: 69/69 MP: 9/9
  5804 | D:5      | Found a runed translucent door.
  5805 | D:5      | Noticed Crazy Yiuf
  5811 | D:5      | Killed Crazy Yiuf
  6066 | D:5      | Killed Ijyb
  6457 | D:6      | Reached skill level 9 in Long Blades
  6624 | D:6      | Reached ***** piety under Trog
  6646 | D:6      | Slain by an orc warrior

Illustrated notes

Levels and vault maps discovered:
D:1:      minmay_arrival_five_plusses, layout_loops_ring, glass_columns_a
D:2:      layout_loops_ring, serial_aquarium, aquarium_bridge_square
          [aquarium_subvault_window, aquarium_subvault_wall,
          aquarium_subvault_wall, aquarium_subvault_bridge],
          aquarium_bridge_square [aquarium_subvault_window,
          aquarium_subvault_bridge, aquarium_subvault_wall,
          aquarium_subvault_window], aquarium_window_3, aquarium_window_1,
          aquarium_window_1, aquarium_view_2a, aquarium_view_2c, minivault_14
D:3:      layout_loops_ring, grunt_temple_overflow_open, basic_ecumenical_altar,
          kennysheep_another_room, dk_vineyard_2, uniq_robin, uniq_jessica
D:4:      layout_cave_pools, minmay_temple_entry_poolview, uniq_sigmund
D:5:      corexii_shantytown, layout_cave_pods, nicolae_ossuary_entry_monument,
          uniq_crazy_yiuf_cottage, uniq_pikel, uniq_ijyb
D:6:      layout_basic, hangedman_abyss_or_decor_lesser_grid,
          nicolae_zen_rock_garden

Skill      XL: |  1  2  3  4  5  6  7  8  9 |
---------------+----------------------------+-----
Long Blades    | 4 5 6 7 8 9 |  9.2
Armour         | 2 3 4 |  4.4
Fighting       | 4 5 6 |  6.0
Short Blades   | 3 6 7 |  7.3
Dodging        | |  2.6

Action                   |  1- 3 |  4- 6 |  7- 9 || total
-------------------------+-------+-------+-------++-------
Melee: Falchion          |    46 |   140 |    27 ||   213
       Dagger            |       |     2 |   399 ||   401
       Unarmed           |       |       |     4 ||     4
Throw: Dart              |       |     2 |     8 ||    10
Invok: Berserk           |     1 |     3 |     1 ||     5
       Trog's Hand       |       |     1 |     6 ||     7
  Use: Scroll            |       |     8 |     9 ||    17
 Stab: Sleeping          |     1 |       |       ||     1
Armor: Animal skin       |     8 |       |       ||     8
       Ring mail         |       |    58 |    12 ||    70
       Chain mail        |       |       |   139 ||   139
       Skin              |       |       |     1 ||     1
Dodge: Dodged            |    27 |    76 |   131 ||   234
       Rpst.: Falchion   |     9 |    22 |     1 ||    32

Table legend: (Time is in decaauts)
 A = Elapsed time spent in this place.
 B = Non-inter-level travel time spent in this place.
 C = Inter-level travel time spent in this place.
 D = Time resting spent in this place.
 E = Time spent auto-exploring this place.
 F = Levels seen in this place.
 G = Mean time per level.
                   A        B        C        D        E       F      G
               +--------+--------+--------+--------+--------+-----+--------+
         Total |   6516 |   6244 |    272 |    592 |   4225 |   7 |  930.9 |
       Dungeon |   6007 |   5735 |    272 |    535 |   4047 |   6 | 1001.2 |
       Ossuary |    508 |    508 |      0 |     57 |    178 |   1 |  508.0 |
               +--------+--------+--------+--------+--------+-----+--------+

Top non-repeatable levels by time:
     D:5: 1608 daAuts
     D:3: 1262 daAuts
     D:4: 1029 daAuts
     D:1: 1013 daAuts
     D:2: 855 daAuts
 Ossuary: 508 daAuts
     D:6: 238 daAuts
